 Dungeon Crawl Stone Soup version 0.30-a0-219-gf2db51d15e (webtiles) character file.

Game seed: 17060124980910406885

245 timneilson the Covered (level 6, -2/38 HPs)
             Began as a Gargoyle Fighter on Oct 6, 2022.
             Slain by Pikel
             ... wielding a +2 whip of flaming
              (6 damage)
             ... on level 4 of the Dungeon.
             The game lasted 00:05:29 (2384 turns).

timneilson the Covered (Gargoyle Fighter)           Turns: 2384, Time: 00:05:30

Health: -2/38      AC: 18    Str: 22    XL:     6   Next: 10%
Magic:  6/6        EV:  7    Int: 10    God:
Gold:   142        SH:  5    Dex:  9    Spells: 5/5 levels left

rFire   . . .      SeeInvis .    a - +1 long sword
rCold   + . .      Faith    .    c - +1 buckler
rNeg    + . .      Spirit   .    l - +0 chain mail
rPois   ∞          Reflect  .    i - +0 helmet
rElec   +          Harm     .    (no cloak)
rCorr   .          Rampage  .    m - +1 pair of gloves of the Slimy Falcon {rPois rC+ Int+2}
Will    .....                    n - +0 pair of boots
Stlth   ..........               (no amulet)
HPRegen 0.26/turn                (no ring)
MPRegen 0.10/turn                (no ring)

@: attractive, hasted, very quick
A: sickness immunity, AC +4, negative energy resistance 1, electricity
resistance, torment resistance 1, petrification resistance
a: no special abilities


You were on level 4 of the Dungeon.
You visited 1 branch of the dungeon, and saw 4 of its levels.

You collected 142 gold pieces.

Inventory:

Hand Weapons
 a - a +1 long sword (weapon)
Armour
 c - a +1 buckler (worn)
 i - a +0 helmet (worn)
 l - a +0 chain mail (worn)
 m - the +1 pair of gloves of the Slimy Falcon (worn) {rPois rC+ Int+2}
   (You found it on level 2 of the Dungeon)

   Int:       It affects your intelligence (+2).
   rC:        It protects you from cold.
   rPois:     It protects you from poison.
 n - a +0 pair of boots (worn)
Scrolls
 b - a scroll of enchant armour
 d - a scroll of magic mapping {unknown}
 k - a scroll of identify {unknown}
 o - a scroll of amnesia {unknown}
Potions
 f - a potion of lignification


   Skills:
 + Level 4.0 Fighting
 * Level 3.3 Long Blades
 * Level 4.6 Armour
 + Level 1.2 Dodging
 * Level 4.5 Shields


You had 5 spell levels left.
You didn't know any spells.
Your spell library contained the following spells:

 Spells                   Type           Power      Damage    Failure   Level
 Apportation              Tloc           0%         N/A       99%         1
 Necrotise                Necr           0%         1d4       99%         1
 Slow                     Hex            0%         N/A       99%         1
 Summon Small Mammal      Summ           0%         N/A       99%         1
 Blink                    Tloc           0%         N/A       99%         2
 Momentum Strike          Conj/Tloc      0%         3d8       99%         2
 Confusing Touch          Hex            0%         N/A       100%        3
 Frozen Ramparts          Ice            0%         1d1       100%        3
 Lesser Beckoning         Tloc           0%         N/A       100%        3
 Ozocubu's Armour         Ice            0%         N/A       100%        3
 Vampiric Draining        Necr           0%         2d6       100%        3
 Ice Form                 Ice/Tmut       0%         N/A       100%        4
 Summon Ice Beast         Ice/Summ       0%         N/A       100%        4
 Ozocubu's Refrigeration  Ice            0%         4d7       100%        7


Dungeon Overview and Level Annotations

Branches:
Dungeon (3/15)

Altars:

Annotations:
D:4 Pikel


Innate Abilities, Weirdness & Mutations

You are immune to sickness and miasma.
Your stone body is resilient. (AC +4)
You are immune to poison.
You resist negative energy. (rN+)
You are resistant to electric shocks. (rElec)
You are resistant to unholy torment.
You are immune to petrification.


Message History

Your +0 pair of boots unmelds from your body.
Your +0 chain mail unmelds from your body.
You feel a little less clever now. You block Pikel's attack.
It was a potion of haste.
You feel yourself speed up. You block Pikel's attack.
You slash Pikel!
Pikel is moderately wounded.
You barely miss Pikel.
Pikel is moderately wounded.
Pikel hits you with a +2 whip of flaming.
Pikel burns you.
You slash Pikel!
Pikel is heavily wounded.
Pikel hits you but does no damage.
You hit Pikel but do no damage.
Pikel is heavily wounded.
Pikel cracks his whip.
You block Pikel's attack.
You hit Pikel.
Pikel is heavily wounded.
Pikel says, "Antaeus said I was his favorite kobold.
Me!"
Pikel hits you with a +2 whip of flaming.
* * * LOW HITPOINT WARNING * * *
Pikel burns you.
* * * LOW HITPOINT WARNING * * *
It was a potion of attraction.
You feel attractive to monsters.
Pikel hits you with a +2 whip of flaming.
* * * LOW HITPOINT WARNING * * *
Pikel burns you.
* * * LOW HITPOINT WARNING * * *
You slash Pikel!
Pikel is severely wounded.
You barely miss Pikel.
Pikel is severely wounded.
You block Pikel's attack.
You hit Pikel.
Pikel is severely wounded.
Pikel hits you with a +2 whip of flaming.
You die...

#...#########.......#
###.........#.#.###.#
#.........#†#.# ..#
#.........#.#.# ###
#....K..5..>#.#
#.........#5#.#
###########5#.#
#K#.##### #@#.....#
#.#####.# #.# #.# #.#
#.# #.#####.#
#.##....# #.##.####
#.##.#### #.##....#


You could see Pikel and 2 lemures.

Vanquished Creatures
  An ogre (D:3)
  A jelly (D:4)
  A hound (D:4)
  A gnoll (D:1)
  An adder (D:4)
  2 worms
  3 dart slugs
  An orc (D:4)
  11 endoplasms
  2 giant cockroaches (D:1)
  8 hobgoblins
  7 kobolds
  3 quokkas
  6 ball pythons
  11 bats
  3 frilled lizards
  3 goblins
  3 rats
68 creatures vanquished.

Notes
Turn   | Place    | Note
-------+----------+-------------------------------------------
     0 | D:1      | timneilson the Gargoyle Fighter began the quest for the
                  | Orb.
     0 | D:1      | Reached XP level 1. HP: 14/14 MP: 1/1
    73 | D:1      | Reached XP level 2. HP: 12/19 MP: 2/2
   267 | D:1      | Reached XP level 3. HP: 23/23 MP: 3/3
  1028 | D:2      | Reached XP level 4. HP: 28/28 MP: 4/4
  1041 | D:2      | Identified the +1 pair of gloves of the Slimy Falcon {rPois
                  | rC+ Int+2}
  1144 | D:2      | Found a faded altar of an unknown god.
  1171 | D:2      | Identified the +5 leather armour of Distant Shores {+Blink
                  | Str+3}
  1864 | D:3      | Noticed an ogre
  1871 | D:3      | Killed an ogre
  1872 | D:3      | Reached skill level 1 in Dodging
  1872 | D:3      | Reached XP level 5. HP: 23/33 MP: 5/5
  1881 | D:3      | You fall into a shaft and drop 1 floor!
  1929 | D:4      | Noticed an ogre
  2050 | D:4      | Reached XP level 6. HP: 8/38 MP: 6/6
  2340 | D:4      | Noticed Pikel
  2384 | D:4      | Slain by Pikel

Illustrated notes

Levels and vault maps discovered:
D:1:      dpeg_arrival_pits, layout_loops_ring, minmay_misc_feat_five,
          minmay_pentomino_s2
D:2:      layout_rooms, nicolae_ecumenical_lake_church
D:3:      layout_loops_corners
D:4:      layout_basic, uniq_crazy_yiuf_cottage, uniq_pikel

Skill      XL: |  1  2  3  4  5  6 |
---------------+-------------------+-----
Long Blades    | 2 3 |  3.3
Armour         | 4 |  4.6
Dodging        | 1 |  1.2
Shields        | 4 |  4.5
Fighting       | 4 |  4.0

Action                   |  1- 3 |  4- 6 || total
-------------------------+-------+-------++-------
Melee: Long sword        |   120 |   131 ||   251
  Use: Scroll            |     1 |     3 ||     4
       Potion            |       |     6 ||     6
Armor: Scale mail        |    51 |     1 ||    52
       Chain mail        |       |    96 ||    96
       Skin              |       |     2 ||     2
Dodge: Dodged            |    57 |    54 ||   111
Block: Buckler           |    23 |    25 ||    48

Table legend: (Time is in decaauts)
 A = Elapsed time spent in this place.
 B = Non-inter-level travel time spent in this place.
 C = Inter-level travel time spent in this place.
 D = Time resting spent in this place.
 E = Time spent auto-exploring this place.
 F = Levels seen in this place.
 G = Mean time per level.
                   A        B        C        D        E       F      G
               +--------+--------+--------+--------+--------+-----+--------+
         Total |   2458 |   2428 |     30 |    116 |   1467 |   4 |  614.5 |
       Dungeon |   2458 |   2428 |     30 |    116 |   1467 |   4 |  614.5 |
               +--------+--------+--------+--------+--------+-----+--------+

Top non-repeatable levels by time:
     D:1: 980 daAuts
     D:4: 518 daAuts
     D:3: 493 daAuts
     D:2: 467 daAuts
